 Dungeon Crawl Stone Soup version 0.28-a0-1130-gc51a68064b (webtiles) character file.

Game seed: 2593371522411295223

102 spaghetti the Shield-Bearer (level 4, -7/46 HPs)
             Began as an Octopode Chaos Knight on Dec 13, 2021.
             Was a Plaything of Xom.
             Killed by nerve-wracking pain
             ... invoked by an orc priest
              (14 damage)
             ... on level 3 of the Dungeon.
             The game lasted 00:04:05 (2638 turns).

spaghetti the Shield-Bearer (Octopode Chaos Knight) Turns: 2638, Time: 00:04:07

Health: -7/46      AC:  1    Str: 10 (11) XL:     4   Next: 77%
Magic:  4/4        EV: 11    Int: 14      God:    Xom [...*..]
Gold:   94         SH:  8    Dex: 13      Spells: 3/3 levels left

rFire   . . .      SeeInvis .   n - +0 dagger (venom) {short}
rCold   . . .      Faith    .   b - +0 kite shield
rNeg    . . .      Spirit   .   (helmet restricted)
rPois   .          Reflect  .   (no amulet)
rElec   .          Harm     .   (no ring)
rCorr   .          Rampage  .   (no ring)
Will    .....                   (no ring)
Stlth   ..........              (no ring)
HPRegen 0.15/turn               (no ring)
MPRegen 0.09/turn               (no ring)
                                (no ring)
                                (no ring)

@: berserking, very quick
A: almost no armour, amphibious, 8 rings, camouflage 1, gelatinous body 1,
(nimble swimmer 1), tentacles, antennae 1
a: Renounce Religion


You were on level 3 of the Dungeon.
You worshipped Xom.
You were a favourite toy of Xom.
You visited 1 branch of the dungeon, and saw 4 of its levels.

You collected 94 gold pieces.


Innate Abilities, Weirdness & Mutations

You cannot wear most types of armour.
You are amphibious.
You can wear up to eight rings at the same time.
Your skin changes colour to match your surroundings (Stealth+).
Your rubbery body absorbs attacks. (AC +1, EV +1)
((You are camouflaged near water. (Stealth+)))
You have tentacles for arms and can constrict up to eight enemies at once.
You have a pair of small antennae on your head.


   Skills:
 - Level 3.0 Fighting
 - Level 3.5 Long Blades
 + Level 0.2 Throwing
 - Level 2.3 Dodging
 + Level 3.6 Shields


You had 3 spell levels left.
You didn't know any spells.
Your spell library was empty.

Inventory:

Hand Weapons
 a - a +0 falchion of chaos {long}
 n - a +0 dagger of venom (weapon) {short}
   (You took it off a kobold on level 3 of the Dungeon)
 o - a +1 short sword of holy wrath {short}
   (You took it off a kobold on level 3 of the Dungeon)
Missiles
 d - 12 arrows
 e - 22 bolts
 g - 64 stones (quivered) {throwing}
 j - 12 sling bullets
 p - 8 poisoned darts {throwing}
Armour
 b - a +0 kite shield (worn)
   (You found it on level 1 of the Dungeon)
Scrolls
 c - a scroll of noise {unknown}
 h - 2 scrolls of identify {unknown}
Potions
 f - a potion of curing {unknown}
 i - a potion of magic {unknown}
 l - a potion of might {unknown}

Dungeon Overview and Level Annotations

Branches:
Dungeon (4/15)
 Temple: D:4-7

Altars:

....#... ....>(.
.## #...#.. .#...
#.#.#(# .....
#.....####....#
####....(......##
P.
.......(......(..
. .## . #......>.#
P ..##
##.#.##§@o#.##
P.... ...#.
#§§##.# P..S
#....##§§##.# P.#
#.....†#..# P# #
#....†.).# P###...
#..#..##>####
P....#
.##..#.........<..
.....#
........#...###...
.....#
##........#.#


You could see an orc priest (very poisoned).


Message History

You start resting.
You recover from your berserk rage.
Xom grants you a gift! Something appears before you! 😕 HP[+8]
You regained 8 hp, and now have 29/31 hp.
Unknown command.
Unknown command.
Unknown command.
You now have 94 gold pieces (gained 32).
You start resting. 😎 HP[+2]
Your hp is fully restored (31).
You climb upwards.
You block the orc's attack.
There is a stone staircase leading down here.
Unknown command.
You hit the orc.
The orc is poisoned.
Your grab misses the orc. You block the orc's attack.
The orc hits you with a +0 hand axe. 😕 HP[-2]
You take 2 damage, and now have 29/31 hp.
You hit the orc but do no damage.
The orc looks as sick as possible!
Your grab misses the orc.
You kill the orc!
No target in view!
No target in view!
No target in view!
No target in view!
No target in view!
No target in view!
No target in view!
No target in view!
No target in view!
No target in view!
No target in view!
An orc comes into view. It is wielding a +0 flail.
You throw a stone {throwing}.
The stone {throwing} closely misses the orc.
The orc shouts!
No target in view!
An orc is nearby! 😕 HP[+1]
You throw a stone {throwing}. The stone {throwing} hits the orc.
You throw a stone {throwing}. The stone {throwing} hits the orc.
You throw a stone {throwing}.
The stone {throwing} closely misses the orc.
You hit the orc.
The orc is poisoned.
Your grab misses the orc. Your squeeze misses the orc.
You kill the orc!
Items here: )) [ †.
You hit the rat.
The rat is poisoned.
You grab the rat. You squeeze the rat.
You kill the rat!
No target in view!
No target in view!
No target in view!
No target in view!
No target in view!
No target in view!
No target in view!
No target in view!
You see here a rat corpse.
g - 66 stones {throwing} (gained 1)
An orc priest is nearby! 😎 HP[+1]
Your hp is fully restored (31).
You throw a stone {throwing}. The orc priest shouts!
The stone {throwing} hits the orc priest but does no damage.
You throw a stone {throwing}.
The stone {throwing} barely misses the orc priest.
The orc priest mumbles some strange prayers to Beogh against you.
Beogh smites you!
You emit a cloud of colourful smoke! 😮 HP[-13]
You take 13 damage, and now have 18/31 hp.
MASSIVE DAMAGE!! (PAUSE)
You hit the orc priest.
The orc priest is poisoned.
Your grab misses the orc priest.
The orc priest mumbles some strange prayers to Beogh against you.
Beogh smites you!
* * * LOW HITPOINT WARNING * * *
Your body deteriorates!
You feel weakened. 😱 HP[-14]
You take 14 damage, and now have 4/31 hp.
MASSIVE DAMAGE!! (PAUSE) It was a potion of mutation.
You feel extremely strange.
You feel healthier.
You lose the ability to read scrolls when threatened.
A pair of antennae grows on your head!
You can once more read scrolls while threatened.
Xom thinks this is hilarious!
The orc priest barely misses you. 😱 HP[+1] Unknown command.
It was a potion of berserk rage.
A red film seems to cover your vision as you go berserk!
You feel yourself moving faster!
You feel mighty!
The orc priest calls down the wrath of Beogh upon you.
Pain shoots through your body!
You die...
Xom chuckles heartily!

Skill      XL: |  1  2  3  4 |
---------------+-------------+-----
Shields        | 1 2 3 |  3.6
Fighting       | |  3.0
Long Blades    | |  3.5
Throwing       | |  0.2
Dodging        | |  2.3

Action                   |  1- 3 |  4- 6 || total
-------------------------+-------+-------++-------
Melee: Falchion          |    49 |   138 ||   187
       Tentacles         |    10 |    48 ||    58
       Constrict         |    12 |    20 ||    32
       Dagger            |       |    12 ||    12
Throw: Stone             |       |     9 ||     9
  Use: Potion            |     1 |     2 ||     3
 Stab: Sleeping          |     4 |     3 ||     7
Armor: Skin              |    12 |     6 ||    18
Dodge: Dodged            |    37 |    38 ||    75
Block: Kite shield       |     9 |    35 ||    44

Levels and vault maps discovered:
D:1:      minmay_arrival_checkered_box, layout_basic, grunt_decor_resistance,
          st_stairs_1, chequers_serial_rivers_micro_b,
          hangedman_decor_clover_reticule, hex_medium
D:2:      minmay_wonky_spiral, layout_basic, serial_undead, serial_undead_f,
          serial_undead_c, serial_undead_a, serial_undead_e, serial_undead_b,
          serial_undead_b, serial_undead_f
D:3:      layout_rooms, basic_ecumenical_altar, minmay_hedge_maze,
          grunt_ministairs_2
D:4:      layout_basic, minmay_temple_entry_antechambers, item_on_display_a,
          uniq_sigmund, uniq_robin

Notes
Turn   | Place    | Note
-------+----------+-------------------------------------------
     0 | D:1      | spaghetti the Octopode Chaos Knight began the quest for the
                  | Orb.
     0 | D:1      | Reached XP level 1. HP: 16/16 MP: 1/1
     0 | D:1      | magus.rc [v1.9.6]
    17 | D:1      | XOM: smoke on damage
    20 | D:1      | HP: 3/16 [endoplasm (2)]
    24 | D:1      | HP: 1/16 [bat (1)]
   426 | D:1      | Reached XP level 2. HP: 21/21 MP: 2/2
   600 | D:1      | Reached skill level 1 in Shields
   807 | D:1      | XOM: silly message
   814 | D:1      | Reached XP level 3. HP: 17/26 MP: 3/3
  1038 | D:1      | Reached skill level 2 in Shields
  1061 | D:1      | XOM: divination: detect items
  1401 | D:2      | Reached XP level 4. HP: 21/31 MP: 4/4
  1479 | D:2      | XOM: divination: detect creatures
  1605 | D:2      | Reached skill level 3 in Shields
  1716 | D:2      | XOM: summons 1 hostile shadow creature
  2329 | D:2      | XOM: summons 2 hostile shadow creatures
  2373 | D:3      | Found a faded altar of an unknown god.
  2384 | D:3      | XOM: give mutation
  2384 | D:3      | Gained mutation: Your body sometimes deteriorates upon
                  | taking damage. [Xom's mischief]
  2471 | D:3      | XOM: chaos cloud
  2477 | D:3      | Paralysed by you for 2 turns
  2478 | D:3      | XOM: 1-stop teleportation journey
  2595 | D:4      | XOM: god gift: 32 gold pieces
  2634 | D:3      | XOM: smoke on damage
  2636 | D:3      | HP: 4/31 [orc priest/divine providence (14)]
  2637 | D:3      | Lost mutation: Your body sometimes deteriorates upon taking
                  | damage. [potion of mutation]
  2637 | D:3      | Gained mutation: You sometimes lose the ability to read
                  | scrolls when taking damage. [potion of mutation]
  2637 | D:3      | Gained mutation: You have a pair of small antennae on your
                  | head. [potion of mutation]
  2637 | D:3      | Lost mutation: You sometimes lose the ability to read
                  | scrolls when taking damage. [potion of mutation]
  2638 | D:3      | Killed from afar by an orc priest

Vanquished Creatures
  A hound skeleton (D:2)
  A gnoll (D:1)
  An adder (D:2)
  2 worms (D:2)
  2 dart slugs (D:2)
  3 orcs (D:3)
  3 ball pythons
  6 bats
  An endoplasm (D:1)
  3 giant cockroaches
  3 hobgoblins
  4 jackals (D:2)
  5 quokkas
  A ball python skeleton (D:2)
  4 frilled lizards
  A giant cockroach zombie (D:2)
  5 goblins
  A jackal zombie (D:2)
  4 kobolds
  A quokka skeleton (D:2)
  4 rats
  A bush (D:3)
57 creatures vanquished.

Table legend:
 A = Non-vault XP
 B = Vault XP
 C = Vault XP percentage of total XP
 D = Non-vault monster count
 E = Vault monster count
 F = Vault count percentage of total count
                 A         B        C        D         E       F
            +---------+---------+-------+---------+---------+-------
      Total |     116 |      30 |  20.5 |      47 |       9 |  16.1
            +---------+---------+-------+---------+---------+-------
        D:1 |      41 |       4 |   8.9 |      18 |       2 |  10.0
        D:2 |      56 |      26 |  31.7 |      19 |       7 |  26.9
        D:3 |      19 |       0 |   0.0 |      10 |       0 |   0.0
            +---------+---------+-------+---------+---------+-------

Illustrated notes

Table legend:
 A = Kills in this place as a percentage of kills in entire the game.
 B = Kills by you in this place as a percentage of kills by you in the entire game.
 C = Kills by friends in this place as a percentage of kills by friends in the entire game.
 D = Other kills in this place as a percentage of other kills in the entire game.
 E = Experience gained in this place as a percentage of experience gained in the entire game.
 F = Experience gained in this place divided by the number of levels of this place that you have seen.
                   A       B       C       D       E      F
               +-------+-------+-------+-------+-------+----------------------
         Total | 100.0 | 100.0 |   N/A |   N/A | 100.0 |  36.5
       Dungeon | 100.0 | 100.0 |   N/A |   N/A | 100.0 |  36.5
               +-------+-------+-------+-------+-------+----------------------

Table legend: (Time is in decaauts)
 A = Elapsed time spent in this place.
 B = Non-inter-level travel time spent in this place.
 C = Inter-level travel time spent in this place.
 D = Time resting spent in this place.
 E = Time spent auto-exploring this place.
 F = Levels seen in this place.
 G = Mean time per level.
                   A        B        C        D        E       F      G
               +--------+--------+--------+--------+--------+-----+--------+
         Total |   2720 |   2671 |     49 |   1188 |    973 |   4 |  680.0 |
       Dungeon |   2720 |   2671 |     49 |   1188 |    973 |   4 |  680.0 |
               +--------+--------+--------+--------+--------+-----+--------+

Top non-repeatable levels by time:
     D:1: 1342 daAuts
     D:2: 1059 daAuts
     D:3: 220 daAuts
     D:4: 97 daAuts
